 Dungeon Crawl Stone Soup version 0.22.0-6-g71bd7aa (webtiles) character file.

182 HallandMoats the Skirmisher (level 5, 0/43 HPs)
             Began as a Demonspawn Fighter on Aug 14, 2018.
             Was an Initiate of Dithmenos.
             Slain by an orc
             ... wielding a +0 trident
              (2 damage)
             ... on level 2 of the Dungeon.
             The game lasted 00:04:04 (2504 turns).

HallandMoats the Skirmisher (Demonspawn Fighter)    Turns: 2504, Time: 00:04:05

Health: 0/43       AC:  7    Str: 17    XL:     5   Next: 34%
Magic:  5/5        EV:  7    Int: 10    God:    Dithmenos [......]
Gold:   132        SH:  8    Dex: 12    Spells: 4/4 levels left

rFire    . . .     SeeInvis .   a - +0 long sword
rCold    . . .     Gourm    .   c - +0 shield
rNeg     . . .     Faith    .   b - +0 scale mail
rPois    .         Spirit   .   (helmet restricted)
rElec    .         Reflect  .   (no cloak)
rCorr    .         Harm     .   (no gloves)
MR       .....                  (no boots)
Stlth    +.........             (no amulet)
HPRegen  0.14/turn              (no ring)
MPRegen  0.09/turn              (no ring)

@: no status effects
A: antennae 1, rugged brown scales 1, nightstalker 1
a: Renounce Religion


You were on level 2 of the Dungeon.
You worshipped Dithmenos.
Dithmenos was noncommittal.
You were hungry.

You visited 1 branch of the dungeon, and saw 3 of its levels.

You collected 132 gold pieces.

Inventory:

Hand Weapons
 a - a +0 long sword (weapon)
Armour
 b - a +0 scale mail (worn)
 c - a +0 shield (worn)
Scrolls
 d - a scroll of brand weapon {unknown}
 h - a scroll of amnesia {unknown}
 i - a scroll of random uselessness {unknown}
 k - 3 scrolls of enchant weapon {unknown}
 l - a scroll of identify {unknown}
Comestibles
 f - 5 rations
 g - 2 chunks of flesh


   Skills:
 * Level 4.2 Fighting
 * Level 3.2 Long Blades
 + Level 3.3 Armour
 + Level 1.6 Dodging
 - Level 2.6 Shields


You had 4 spell levels left.
You didn't know any spells.
Your spell library was empty.

Dungeon Overview and Level Annotations

Branches:
Dungeon (3/15)

Altars:
Dithmenos
Makhleb
Sif Muna
Uskayaw
Xom

Annotations:
D:2 Terence


Innate Abilities, Weirdness & Mutations

You have a pair of small antennae on your head.
You are partially covered in rugged brown scales. (AC +1, +3% HP)
You are slightly more attuned to the shadows.


Message History

You block Terence's attack.
You closely miss Terence.
Terence is severely wounded.
The orc hits you from afar with a trident.
* * * LOW HITPOINT WARNING * * *
Terence hits you with an enchanted short sword.
* * * LOW HITPOINT WARNING * * *
You closely miss Terence.
Terence is severely wounded.
The orc barely misses you. Terence hits you but does no damage.
You hit Terence but do no damage.
Terence is severely wounded.
You are feeling hungry.
The orc hits you from afar with a trident.
* * * LOW HITPOINT WARNING * * *
You block Terence's attack. x2
You hit Terence.
Terence is almost dead.
The orc hits you from afar with a trident.
You die...

#.........####..<.......#.(
#.........##........###.###
######.....(.....#### #....
#.......###..# #..._
####......## ##.######...
#.....<.### #......#.#.
#......oK# ######..)..
#.....##@# ###.(....
#.....##@# #...#####
#..)..##.# #(###
#..[>.##.########.#
########.......[..#######
######<...........
#.#####...... ###########.#
#...... #........#..#
#...... #..........##
#####..


You could see Terence, an orc and a kobold.

Vanquished Creatures
  A hound (D:2)
  An orc wizard (D:2)
  An iguana (D:2)
  Robin (D:2)
  2 adders (D:2)
  A dart slug (D:2)
  2 leopard geckos
  2 orcs (D:2)
  3 giant cockroaches (D:2)
  18 goblins
  7 hobgoblins
  3 jackals (D:1)
  2 ball pythons
  7 bats
  3 frilled lizards
  3 kobolds
  7 rats
64 creatures vanquished.

Notes
Turn   | Place    | Note
-------+----------+-------------------------------------------
     0 | D:1      | HallandMoats the Demonspawn Fighter began the quest for the Orb.
     0 | D:1      | Reached XP level 1. HP: 18/18 MP: 1/1
   127 | D:1      | Gained mutation: You have a pair of small antennae on your head. [demonic ancestry]
   127 | D:1      | Reached XP level 2. HP: 24/24 MP: 2/2
  1102 | D:2      | Noticed a dagger
  1102 | D:2      | Noticed a dagger
  1104 | D:2      | Gained mutation: You are partially covered in rugged brown scales. (AC +1, +3% HP) [demonic ancestry]
  1104 | D:2      | Reached XP level 3. HP: 24/29 MP: 3/3
  1244 | D:2      | Found a shadowy altar of Dithmenos.
  1245 | D:2      | Found a transporter.
  1246 | D:2      | Found a shimmering altar of Xom.
  1251 | D:2      | Found a transporter.
  1292 | D:2      | Found a hide-covered altar of Uskayaw.
  1360 | D:2      | Noticed Robin
  1382 | D:2      | Killed Robin
  1382 | D:2      | Reached skill level 1 in Dodging
  1403 | D:2      | Gained mutation: You are slightly more attuned to the shadows. [demonic ancestry]
  1403 | D:2      | Reached XP level 4. HP: 18/38 MP: 4/4
  1800 | D:2      | Found a burning altar of Makhleb.
  1849 | D:2      | Found a deep blue altar of Sif Muna.
  1901 | D:2      | Found a faded altar of an unknown god.
  2092 | D:2      | Reached skill level 4 in Fighting
  2092 | D:2      | Reached XP level 5. HP: 28/43 MP: 5/5
  2249 | D:2      | Became a worshipper of Dithmenos the Shadowed
  2284 | D:3      | Noticed Terence
  2503 | D:2      | HP: 2/43 [orc/trident (3)]
  2504 | D:2      | Slain by an orc

Skill      XL: |  1  2  3  4 |
---------------+-------------+-----
Long Blades    | 2 3 |  3.2
Armour         | 3 |  3.3
Dodging        | 1 |  1.6
Fighting       | 4 |  4.2
Shields        | |  2.6

Action                   |  1- 3 |  4- 6 || total
-------------------------+-------+-------++-------
Melee: Long sword        |   138 |    59 ||   197
  Use: Potion            |       |     5 ||     5
  Eat: Chunk             |     2 |     3 ||     5
Armor: Scale mail        |    61 |    82 ||   143
Dodge: Dodged            |    92 |    61 ||   153
Block: Shield            |       |     6 ||     6
       Rpst.: Long sword |    28 |    18 ||    46
